 Dungeon Crawl Stone Soup version 0.32-a0-886-g41c5271027 (webtiles) character file.

Game seed: 4783109670092477246

12 Dirtsage the Slasher (level 2, 0/24 HPs)
             Began as a Demonspawn Monk on Apr 2, 2024.
             Slain by a hobgoblin (3 damage)
             ... on level 1 of the Dungeon.
             The game lasted 00:01:00 (188 turns).

Dirtsage the Slasher (Demonspawn Monk)               Turns: 188, Time: 00:01:01

Health: 0/24       AC:  2    Str: 11    XL:     2   Next: 20%
Magic:  2/2        EV: 11    Int: 10    God:
Gold:   20         SH:  0    Dex: 15    Spells: 1/1 levels left

rFire   + . .        a - +0 falchion
rCold   . . .        d - orb {light}
rNeg    . . .        b - +0 robe
rPois   .            (no helmet)
rElec   .            (no cloak)
rCorr   .            (no gloves)
SInv    .            (no boots)
Will    .....        (no amulet)
Stlth   +            F - ring of protection from fire
HPRegen 0.24/turn    (no ring)
MPRegen 0.08/turn

%: no passive effects
@: glowing, invisible (but backlit and visible)
A: ignite blood 1
a: no special abilities


You were on level 1 of the Dungeon.
You visited 1 branch of the dungeon, and saw 1 of its levels.

You collected 20 gold pieces.

Inventory:

Hand Weapons
 a - a +0 falchion (weapon)
Armour
 b - a +0 robe (worn)
 d - an orb of light (worn)
Jewellery
 F - a ring of protection from fire (left hand)
Potions
 c - a potion of ambrosia


   Skills:
 - Level 3.0 Fighting
 + Level 3.3 Long Blades
 - Level 2.6 Dodging


You had one spell level left.
You didn't know any spells.
Your spell library was empty.

Dungeon Overview and Level Annotations

Branches:
Dungeon (1/15)

Altars:


Innate Abilities, Weirdness & Mutations

Your demonic aura sometimes causes spilled blood to erupt in flames.


Message History

The jackal closely misses you.
You take 2 damage, and have 4/18 hp.
You slash the jackal!
You kill the jackal!
You have reached level 2!
Your demonic ancestry asserts itself...
Your blood heats up.
You regained 2 hp, and now have 6/24 hp.
MP restored: 2 It was a potion of invisibility.
You become transparent, but the glow from your halo prevents you from becoming completely invisible.
The quokka barely misses you.
You hit the quokka but do no damage. The quokka closely misses you. x2
You hit the quokka.
The quokka is heavily wounded.
The quokka barely misses you.
You hit the quokka but do no damage.
The quokka is heavily wounded.
The quokka completely misses you.
You hit the quokka.
You kill the quokka!
You hit the jackal.
You kill the jackal!
The jackal closely misses you.
You hit the jackal but do no damage. The jackal misses you.
You hit the jackal but do no damage. The jackal misses you.
The jackal bites you.
* * * LOW HITPOINT WARNING * * *
You hit the jackal.
The jackal is almost dead.
The jackal bites you.
* * * LOW HITPOINT WARNING * * *
The jackal bites you.
* * * LOW HITPOINT WARNING * * *
You take 5 damage, and have 2/24 hp.
MASSIVE DAMAGE!!
You hit the jackal.
You kill the jackal!
The hobgoblin barely misses you.
You barely miss the hobgoblin. The hobgoblin hits you.
You die...

###.#.########.. #.h.#
### ##..# #..#
#..##########
##......#.....
##....†........
######.......>......
#..@g...............
......###...............
........................
#### #####..............
#..............
##.............
##.....##.....
#############


You could see a hobgoblin.

Vanquished Creatures
  An endoplasm (D:1)
  2 giant cockroaches (D:1)
  A hobgoblin (D:1)
  3 jackals (D:1)
  A quokka (D:1)
  A ball python (D:1)
  A rat (D:1)
10 creatures vanquished.

Notes
Turn   | Place    | Note
-------+----------+-------------------------------------------
     0 | D:1      | Dirtsage the Demonspawn Monk began the quest for the Orb.
     0 | D:1      | Reached XP level 1. HP: 18/18 MP: 1/1
   178 | D:1      | Gained mutation: Your demonic aura sometimes causes spilled
                  | blood to erupt in flames. [demonic ancestry]
   178 | D:1      | Reached XP level 2. HP: 6/24 MP: 2/2
   188 | D:1      | Slain by a hobgoblin

Illustrated notes

Levels and vault maps discovered:
D:1:      amcnicky_arrival_choice, layout_rooms

Skill      XL: |  1 |
---------------+----+-----
Long Blades    | 3 |  3.3
Fighting       | |  3.0
Dodging        | |  2.6

Action                     || total
---------------------------++-------
  Melee: Falchion          ||    34
    Use: Potion            ||     1
 Armour: Robe              ||    21
  Dodge: Dodged            ||    30

Table legend: (Time is in decaauts)
 A = Elapsed time spent in this place.
 B = Non-inter-level travel time spent in this place.
 C = Inter-level travel time spent in this place.
 D = Time resting spent in this place.
 E = Time spent auto-exploring this place.
 F = Levels seen in this place.
 G = Mean time per level.
                   A        B        C        D        E       F      G
               +--------+--------+--------+--------+--------+-----+--------+
         Total |    191 |    191 |      0 |      0 |    121 |   1 |  191.0 |
       Dungeon |    191 |    191 |      0 |      0 |    121 |   1 |  191.0 |
               +--------+--------+--------+--------+--------+-----+--------+

Top non-repeatable levels by time:
     D:1: 191 daAuts
